Map: King Sejong Station LE

Players

Lambo

  • Race: Zerg Zerg
  • League: Master
  • Spawn Location: 5:00

IlIlIlIlIlIl (Naniwa) - Winner!

  • Race: Protoss Protoss
  • League: Master
  • Spawn Location: 11:00

VOD

Have the link to the VOD?

Description

Time

  • Played on: Oct. 26, 2016, 11:50 a.m.
  • Length: 12:04
Show
View Real Time Build Order
Export as new Build Order

Lambo Zerg 

Build Orders: Hatch First 

Get SALT Encoding   

  12  0:01  Drone  
  13  0:13  Overlord  
  13  0:17  Drone  
  14  0:32  Drone x2  
  16  0:38  Drone  
  17  0:54  Drone  
  18  0:57  Drone  
  18  1:03  Hatchery  
  18  1:07  Extractor  
  17  1:13  Spawning Pool  
  17  1:16  Drone  
  17  1:24  Drone  
  18  1:31  Drone  
  19  1:42  Overlord  
  19  1:53  Drone  
  20  2:00  Queen  
  22  2:01  Zergling x2  
  23  2:08  Metabolic Boost  
  23  2:14  Zergling x2  
  23  2:15  Queen  
  24  2:16  Drone  
  27  2:23  Drone  
  27  2:26  Drone  
  29  2:35  Hatchery  
  28  2:37  Drone  
  28  2:41  Drone  
  30  2:47  Drone  
  31  2:55  Drone x2  
  33  2:58  Overlord  
  33  3:00  Queen  
  35  3:06  Zergling x2  
  36  3:20  Zergling x6  
  36  3:22  Drone x2  
  36  3:25  Zergling x2  
  42  3:30  Overlord  
  42  3:31  Drone x2  
  44  3:39  Overlord  
  43  3:46  Overlord  
  43  3:47  Drone  
  43  3:48  Drone x2  
  46  3:52  Drone  
  46  3:53  Drone x2  
  48  3:57  Overlord  
  48  3:59  Drone x2  
  49  4:10  Evolution Chamber  
  49  4:11  Drone x5  
  53  4:17  Spore Crawler  
  53  4:19  Spore Crawler  
  53  4:20  Spore Crawler, Drone x2  
  52  4:25  Drone  
  52  4:26  Drone x3  
  52  4:31  Zergling x6  
  59  4:37  Evolution Chamber, Zerg Melee Weapons Level 1  
  58  4:40  Zergling x6  
  58  4:44  Zergling x2  
  62  4:46  Baneling Nest  
  62  4:48  Zergling x6  
  62  4:50  Zergling x2  
  65  4:59  Zergling x2  
  67  5:00  Zergling x12  
  67  5:03  Queen  
  67  5:05  Overlord  
  73  5:09  Zerg Ground Armor Level 1  
  72  5:18  Queen x2  
  72  5:20  Drone x2  
  75  5:26  Drone x4  
  77  5:31  Extractor  
  77  5:35  Drone x3  
  77  5:38  Queen  
  78  5:50  Drone x2  
  78  5:51  Drone  
  78  5:52  Drone x2  
  78  5:53  Queen x2  
  85  6:10  Overlord x3  
  82  6:14  Queen  
  83  6:22  Zergling x20  
  86  6:29  Pneumatized Carapace, Queen  
  88  6:36  Zergling x2  
  88  6:37  Zergling x12  
  95  6:50  Queen  
  95  6:51  Zergling x2  
  95  6:52  Zergling x8  
  102  6:56  Overlord  
  102  6:57  Overlord x2  
  102  7:05  Queen  
  102  7:12  Queen  
  92  7:24  Spore Crawler  
  92  7:25  Queen  
  91  7:34  Zergling x22  
  102  7:37  Baneling  
  102  7:38  Baneling x7  
  102  7:40  Queen  
  104  7:45  Zergling x14  
  104  7:48  Queen  
  104  7:49  Baneling x7  
  113  7:51  Zergling x2  
  113  7:53  Baneling x2  
  113  7:57  Zergling x4  
  115  7:59  Zergling x2  
  115  8:01  Queen  
  115  8:04  Zergling x6  
  121  8:12  Zergling x6  
  124  8:16  Queen  
  123  8:23  Queen  
  123  8:24  Zergling x8  
  116  8:30  Zergling x6  
  109  8:36  Zergling x2  
  109  8:37  Zergling x6, Queen  
  112  8:47  Zergling x6  
  111  8:52  Zergling x4, Queen  
  105  8:57  Overlord  
  105  8:59  Queen  
  105  9:06  Zergling x4  
  105  9:12  Queen  
  105  9:15  Zergling x2, Baneling x4  
  105  9:16  Zergling x4  
  110  9:22  Hatchery  
  108  9:24  Zergling x2  
  108  9:25  Zergling x4  
  108  9:27  Baneling x5  
  108  9:29  Zergling x8  
  108  9:30  Zergling x8  
  114  9:42  Zergling x8  
  111  9:52  Queen x2  
  111  9:55  Zergling x4  
  111  9:56  Zergling x10  
  111  9:58  Queen  
  96  10:07  Zergling x16  
  99  10:15  Zergling x2  
  99  10:18  Overlord x2  
  98  10:31  Queen  
  98  10:32  Queen  
  98  10:34  Queen  
  97  10:37  Zergling x14  
  80  11:01  Queen  
  80  11:02  Drone x4  
  79  11:06  Queen  
  79  11:08  Queen  
  79  11:10  Queen  
  83  11:18  Spore Crawler  
  83  11:20  Drone x3  
  83  11:24  Zergling x2  
  86  11:38  Baneling x4  
Show
View Real Time Build Order
Export as new Build Order

IlIlIlIlIlIl Protoss - Winner!

Build Orders: Nexus First 

Get SALT Encoding   

  12  0:00  Probe (Chrono Boost)  
  13  0:11  Probe (Chrono Boost)  
  14  0:19  Pylon  
  14  0:22  Probe (Chrono Boost)  
  15  0:37  Probe (Chrono Boost)  
  16  0:47  Probe (Chrono Boost)  
  17  0:58  Probe (Chrono Boost)  
  18  1:05  Nexus  
  18  1:14  Gateway  
  18  1:17  Probe (Chrono Boost)  
  19  1:23  Pylon  
  19  1:28  Probe (Chrono Boost)  
  19  1:31  Assimilator  
  20  1:36  Assimilator  
  20  1:39  Probe (Chrono Boost)  
  21  1:46  Gateway  
  21  1:49  Probe (Chrono Boost)  
  22  2:00  Probe (Chrono Boost)  
  23  2:02  Cybernetics Core  
  23  2:17  Probe (Chrono Boost)  
  23  2:19  Probe (Chrono Boost)  
  25  2:27  Probe (Chrono Boost)  
  25  2:29  Probe (Chrono Boost)  
  27  2:38  Warp Gate, Probe (Chrono Boost)  
  27  2:39  Adept x2 (Chrono Boost), Probe (Chrono Boost)  
  33  2:45  Pylon  
  33  2:49  Probe  
  34  2:51  Probe (Chrono Boost)  
  35  2:58  Pylon  
  35  3:01  Probe (Chrono Boost)  
  35  3:03  Probe (Chrono Boost)  
  35  3:05  Adept  
  39  3:12  Probe (Chrono Boost)  
  40  3:13  Pylon  
  40  3:14  Probe (Chrono Boost)  
  41  3:23  Probe (Chrono Boost)  
  41  3:25  Probe (Chrono Boost)  
  43  3:33  Probe (Chrono Boost)  
  44  3:35  Probe (Chrono Boost), Stargate  
  44  3:37  Stargate  
  45  3:42  Assimilator x2  
  45  3:44  Probe (Chrono Boost)  
  45  3:46  Probe (Chrono Boost)  
  45  3:56  Probe (Chrono Boost)  
  45  3:59  Mothership Core (Chrono Boost)  
  45  4:01  Pylon  
  46  4:07  Probe (Chrono Boost)  
  47  4:12  Pylon  
  47  4:17  Probe (Chrono Boost)  
  47  4:19  Probe (Chrono Boost)  
  47  4:22  Oracle x2 (Chrono Boost)  
  55  4:28  Probe  
  55  4:30  Probe  
  57  4:34  Nexus  
  57  4:35  Pylon  
  57  4:37  Pylon  
  57  4:41  Protoss Air Weapons Level 1  
  57  4:42  Probe x2  
  59  4:49  Pylon  
  59  4:54  Pylon  
  59  4:55  Probe x2  
  59  4:56  Pylon  
  60  5:00  Oracle x2 (Chrono Boost)  
  66  5:07  Probe  
  66  5:08  Probe  
  66  5:10  Adept  
  70  5:18  Adept  
  70  5:21  Probe x2  
  74  5:23  Assimilator  
  74  5:33  Probe x2  
  74  5:35  Oracle x2 (Chrono Boost)  
  82  5:39  Adept x2  
  86  5:45  Probe x2  
  86  5:46  Probe  
  88  5:57  Probe x3  
  88  6:00  Adept x2  
  94  6:07  Probe  
  94  6:08  Assimilator  
  94  6:09  Probe  
  94  6:16  Probe  
  94  6:18  Probe  
  95  6:22  Probe  
  94  6:28  Stalker, Probe x2  
  94  6:29  Pylon, Fleet Beacon  
  94  6:30  Pylon  
  102  6:33  Void Ray (Chrono Boost)  
  102  6:34  Void Ray (Chrono Boost)  
  102  6:39  Pylon  
  107  6:40  Probe x3  
  107  6:45  Pylon  
  109  6:51  Stargate  
  109  6:53  Pylon  
  109  6:56  Probe  
  109  6:57  Twilight Council  
  109  6:58  Probe x2  
  112  7:17  Adept x2  
  112  7:21  Carrier x2 (Chrono Boost)  
  125  7:29  Forge  
  125  7:42  Pylon  
  125  7:45  Pylon x2  
  125  7:56  Adept x2  
  135  7:59  Carrier (Chrono Boost)  
  135  8:02  Pylon  
  135  8:05  Photon Cannon  
  135  8:07  Photon Cannon x2  
  135  8:08  Photon Cannon  
  135  8:09  Photon Cannon  
  135  8:10  Photon Cannon  
  135  8:17  Adept x2  
  121  8:34  Photon Cannon  
  121  8:36  Photon Cannon  
  121  8:37  Photon Cannon  
  121  8:41  Adept x2  
  116  8:48  Void Ray x2 (Chrono Boost)  
  108  9:12  Graviton Catapult  
  106  9:19  Photon Cannon  
  106  9:21  Photon Cannon  
  106  9:23  Mothership Core  
  108  9:28  Oracle x2 (Chrono Boost)  
  108  9:29  Oracle (Chrono Boost)  
  113  10:13  Gateway x2  
  111  10:16  Gateway  
  111  10:41  Void Ray x2 (Chrono Boost)  
  123  10:45  Void Ray (Chrono Boost)  
  118  11:09  Templar Archives  
  118  11:14  Nexus  
  118  11:16  Pylon  
  118  11:28  Pylon, Photon Cannon  
  118  11:29  Photon Cannon  
  118  11:31  Pylon  
  118  12:00  High Templar x3  
Tags
 
Add a new tag
Caveats
  • Supply blocks, unpowered buildings, or Contaminate may cause inaccurate times.
  • Supply counts are checked every 10 seconds.